 Dungeon Crawl Stone Soup version 0.29.1-15-g9cfb28693d (webtiles) character file.

Game seed: 7648383107950678333

179 zeram the Shooter (level 5, 0/25 HPs)
             Began as a Spriggan Arcane Marksman on Mar 5, 2023.
             Slain by an adder (1 damage)
             ... on level 3 of the Dungeon.
             The game lasted 00:06:54 (2957 turns).

zeram the Shooter (Spriggan Arcane Marksman)        Turns: 2957, Time: 00:06:54

Health: 0/25       AC:  2    Str:  6    XL:     5   Next: 32%
Magic:  7/9        EV: 18    Int: 17    God:
Gold:   68         SH:  0    Dex: 15    Spells: 3/8 levels left

rFire   . . .      SeeInvis +   a - +1 sling
rCold   . . .      Faith    .   (no shield)
rNeg    . . .      Spirit   .   c - +0 robe
rPois   .          Reflect  .   (helmet restricted)
rElec   .          Harm     .   (no cloak)
rCorr   .          Rampage  .   (gloves unavailable)
Will    +....                   (boots unavailable)
Stlth   +.........              (no amulet)
HPRegen 0.08/turn               d - ring of willpower
MPRegen 0.11/turn               (no ring)

@: very quick
A: very small, no large weapons, unfitting armour, see invisible, speed 3
a: no special abilities


You were on level 3 of the Dungeon.
You visited 1 branch of the dungeon, and saw 3 of its levels.

You collected 68 gold pieces.

Inventory:

Hand Weapons
 a - a +1 sling (weapon)
Armour
 c - a +0 robe (worn)
Jewellery
 d - a ring of willpower (left hand)
Wands
 j - a wand of flame (13)
Scrolls
 b - a scroll of poison
 e - 3 scrolls of teleportation
Potions
 f - a potion of magic
 g - a potion of heal wounds
 h - a potion of cancellation {unknown}
 i - a potion of curing


   Skills:
 - Level 0.7 Fighting
 + Level 4.9 Ranged Weapons
 + Level 3.7 Dodging
 + Level 2.1 Spellcasting
 - Level 3.6 Hexes
 + Level 0.6 Evocations


You had 3 spell levels left.
You knew the following spells:

 Your Spells              Type           Power      Damage    Failure   Level
a - Slow                  Hex            56%        N/A       4%          1
b - Cause Fear            Hex            7%         N/A       38%         4

Your spell library contained the following spells:

 Spells                   Type           Power      Damage    Failure   Level
 Inner Flame              Hex/Fire       8%         N/A       26%         3
 Portal Projectile        Hex/Tloc       16%        N/A       26%         3
 Ozocubu's Armour         Ice            1%         N/A       50%         3
 Metabolic Englaciation   Hex/Ice        4%         N/A       94%         5
 Simulacrum               Ice/Necr       0%         N/A       100%        6


Dungeon Overview and Level Annotations

Branches:
Dungeon (3/15)

Altars:

Shops:
D:1 [


Innate Abilities, Weirdness & Mutations

You are very small and have problems with some larger weapons.
You are too small for most types of armour.
You have supernaturally acute eyesight. (SInv)
You cover ground extremely quickly. (Speed+++)


Message History

The adder poisons you!
You shoot a sling bullet. The sling bullet hits the adder.
The adder is moderately wounded.
You feel sick. The bat closely misses you. The adder bites you.
The adder closely misses you.
You are too injured to fight recklessly!
You are too injured to fight recklessly!
Unknown command.
You are too injured to fight recklessly!
You are too injured to fight recklessly!
Unknown command.
Aiming: Slow (safe; 4% risk of failure)
Press: ? - help, Q - select action, (/) - cycle Shift-Dir - straight line, f/p - adder
Aim: an adder (moderately wounded, chance to affect: 62%)
The adder resists with significant effort.
You feel sick. The bat completely misses you. The bat closely misses you.
The adder barely misses you.
Aiming: Slow (safe; 4% risk of failure)
Press: ? - help, Q - select action, (/) - cycle Shift-Dir - straight line, f/p - adder
Aim: an adder (moderately wounded, chance to affect: 62%)
The adder resists with significant effort.
You feel sick. The bat closely misses you. The adder barely misses you.
Unknown command.
Casting: Slow (safe; 4% risk of failure)
Confirm with . or Enter, or press ? or * to list all spells.
Okay, then.
You feel sick. The bat closely misses you. The adder bites you.
* * * LOW HITPOINT WARNING * * *
You feel sick. The bat closely misses you. The adder misses you.
The adder barely misses you.
You feel sick. The bat hits you.
* * * LOW HITPOINT WARNING * * *
The bat completely misses you. The adder misses you.
* * * LOW HITPOINT WARNING * * *
You feel sick. The bat misses you. The adder misses you.
* * * LOW HITPOINT WARNING * * *
You feel sick.
You are no longer poisoned.
The bat closely misses you. The adder bites you.
You die...

#....# #........
########........
#............
#............
#............
#............
#............
#............
#....@.......
#....Sb......
#..............
#..............
#.........#.....
#.......$.#.....
...............
.......... ....


You could see an adder and a bat.

Vanquished Creatures
  A kobold brigand (D:2)
  5 adders
  3 dart slugs (D:1)
  2 orcs (D:2)
  3 ball pythons
  A bat (D:2)
  6 endoplasms
  2 giant cockroaches (D:2)
  7 hobgoblins
  4 jackals
  3 kobolds
  A quokka (D:2)
  8 goblins
  4 rats
50 creatures vanquished.

Vanquished Creatures (others)
  A plant (D:2)
1 creature vanquished.

Grand Total: 51 creatures vanquished

Notes
Turn   | Place    | Note
-------+----------+-------------------------------------------
     0 | D:1      | zeram the Spriggan Arcane Marksman began the quest for the
                  | Orb.
     0 | D:1      | Reached XP level 1. HP: 9/9 MP: 3/3
    18 | D:1      | Found a faded altar of an unknown god.
   138 | D:1      | Reached XP level 2. HP: 14/14 MP: 5/5
   967 | D:1      | Found Jeiciw's Antique Armour Shop.
  1007 | D:1      | Reached skill level 3 in Ranged Weapons
  1179 | D:2      | Reached XP level 3. HP: 17/17 MP: 6/6
  1685 | D:2      | Reached XP level 4. HP: 9/21 MP: 8/8
  2179 | D:2      | Reached skill level 4 in Ranged Weapons
  2376 | D:3      | Noticed a kobold brigand
  2698 | D:2      | Killed a kobold brigand
  2699 | D:2      | Reached XP level 5. HP: 4/25 MP: 9/9
  2898 | D:3      | Learned a level 4 spell: Cause Fear
  2957 | D:3      | HP: 1/25 [poisoned by an adder]
  2957 | D:3      | Slain by an adder

Illustrated notes

Levels and vault maps discovered:
D:1:      minmay_arrival_wavy_path, layout_rooms, serial_shops, shop,
          chequers_ecumenical_altar_simple
D:2:      layout_basic, corexii_shack
D:3:      layout_basic, mainiacjoe_overflow_small_starburst,
          kennysheep_generic_room_12, uniq_sigmund

Skill      XL: |  1  2  3  4 |
---------------+-------------+-----
Dodging        | 3 |  3.7
Ranged Weapons | 3 4 |  4.9
Spellcasting   | 2 |  2.1
Fighting       | |  0.7
Hexes          | |  3.6
Evocations     | |  0.6

Action                   |  1- 3 |  4- 6 || total
-------------------------+-------+-------++-------
 Fire: Sling             |   119 |    48 ||   167
 Cast: Slow              |    11 |     5 ||    16
Evoke: Wand              |       |     7 ||     7
  Use: Scroll            |     6 |     1 ||     7
       Potion            |       |     2 ||     2
Armor: Robe              |     3 |     6 ||     9
Dodge: Dodged            |    85 |    37 ||   122
